 Dungeon Crawl Stone Soup version 0.20-a0-454-g2b43fbb (console) character file.

46 nht the Bolt Thrower (level 3, -3/27 HPs)
             Began as a Barachian Hunter on Jan 9, 2017.
             Was an Initiate of Okawaru.
             Killed from afar by Natasha (4 damage)
             ... with a magic dart
             ... on level 2 of the Dungeon.
             The game lasted 00:01:43 (939 turns).

nht the Bolt Thrower (Barachian Hunter)              Turns: 939, Time: 00:01:44

Health: -3/27      AC:  3    Str:  6 (9)  XL:     3   Next: 66%
Magic:  3/3        EV: 11    Int:  7 (9)  God:    Okawaru [......]
Gold:   129        SH:  0    Dex:  9 (11) Spells: 2/2 levels left

rFire  + + .     SeeInvis .     a - +1 hand crossbow
rCold  . . .     Gourm    .     c - +0 leather armour
rNeg   . . .     Faith    .     (no shield)
rPois  .         Spirit   .     (no helmet)
rElec  .         Reflect  .     (no cloak)
rCorr  .         Harm     .     (no gloves)
MR     .....                    (no boots)
Stlth  +.........               (no amulet)
                                (no ring)
                                (no ring)

@: flying, slow
A: swims, fire resistance 2, slowness 1, weak 1, strong legs 1
a: Hop, Renounce Religion


You were on level 2 of the Dungeon.
You worshipped Okawaru.
Okawaru was noncommittal.
You were not hungry.

You visited 1 branch of the dungeon, and saw 2 of its levels.

You collected 129 gold pieces.

Inventory:

Hand Weapons
 a - a +1 hand crossbow (weapon)
 b - a +0 short sword
Missiles
 d - 41 bolts (quivered)
Armour
 c - a +0 leather armour (worn)
Scrolls
 e - 2 scrolls of immolation {unknown}
 j - 3 scrolls of teleportation {unknown}
 l - a scroll of blinking {unknown}
 p - a scroll of fog {unknown}
 q - a scroll of identify {unknown}
Potions
 k - a potion of mutation
 n - a potion of agility {unknown}
 o - a potion of degeneration
Comestibles
 f - a bread ration
 g - 4 chunks of flesh
 i - a royal jelly
 m - a meat ration


   Skills:
 - Level 2.1 Fighting
 + Level 4.7 Crossbows
 - Level 2.0 Dodging
 - Level 1.0 Stealth


You had 2 spell levels left.
You didn't know any spells.

Dungeon Overview and Level Annotations

Branches:
Dungeon (2/15)

Altars:
Okawaru

Annotations:
D:2 Natasha


Innate Abilities, Weirdness & Mutations

You can swim through water.
You cover ground slowly.
You can hop short distances.
Your flesh is very heat resistant. (rF++)
You are weak. (Str -2)


Message History

You shoot a bolt. The bolt hits Natasha.
Natasha is lightly wounded.
Natasha casts a spell at you. The magic dart hits you!
* * * LOW HITPOINT WARNING * * *
Natasha claws you.
* * * LOW HITPOINT WARNING * * *
It was a potion of mutation.
You feel extremely strange.
You feel weaker.
You feel resistant to heat.
You feel more resistant to heat.
Natasha mumbles some strange words.
It was a potion of degeneration.
There was something very wrong with that liquid.
You feel weakened.
You feel dopey.
You feel clumsy.
Natasha casts a spell.
It was a potion of flight.
You feel very buoyant.
You fly up into the air.
Natasha casts a spell at you. The magic dart hits you!
You die...

█.███████
█.████████
█.........
█.████████
█.█ █.█
█.█ █5█
█@█
█.h5(.(..


█████████ You could see Natasha, a white imp and a shadow imp.

Vanquished Creatures
  An adder (D:2)
  2 dart slugs (D:1)
  A leopard gecko (D:1)
  2 ball pythons
  A giant cockroach (D:1)
  3 goblins (D:1)
  A hobgoblin (D:1)
  9 bats
  3 frilled lizards
  3 kobolds (D:1)
  10 rats
36 creatures vanquished.

Notes
Turn   | Place    | Note
-------+----------+-------------------------------------------
     0 | D:1      | nht the Barachian Hunter began the quest for the Orb.
     0 | D:1      | Reached XP level 1. HP: 16/16 MP: 1/1
    87 | D:1      | Reached skill level 4 in Crossbows
    87 | D:1      | Reached XP level 2. HP: 22/22 MP: 2/2
   506 | D:1      | Reached XP level 3. HP: 27/27 MP: 3/3
   844 | D:2      | Found an iron altar of Okawaru.
   856 | D:2      | Became a worshipper of Warmaster Okawaru
   929 | D:2      | Noticed Natasha
   936 | D:2      | HP: 1/27 [Natasha (3)]
   937 | D:2      | Gained mutation: You are weak. (Str -2) [potion of mutation]
   937 | D:2      | Gained mutation: Your flesh is heat resistant. (rF+) [potion of mutation]
   937 | D:2      | Gained mutation: Your flesh is very heat resistant. (rF++) [potion of mutation]
   939 | D:2      | Killed from afar by Natasha

Vault maps used:
D:1:      lemuel_arrival_hallway, minmay_rat_gold_closets
D:2:      lemuel_crystal_altar, uniq_natasha

Skill      XL: |  1 |
---------------+----+-----
Crossbows      | 4 |  4.7
Fighting       | |  2.1
Dodging        | |  2.0
Stealth        | |  1.0

Action                   || total
-------------------------++-------
 Fire: Hand crossbow     ||    81
  Use: Potion            ||     3
Armor: Leather armour    ||    12
Dodge: Dodged            ||    17
